[Event "FRA-ch Youth U12 2018"]
[Site "Agen"]
[Date "2018.04.18"]
[Round "5"]
[White "Cornileau, Juliette"]
[Black "Pentcheff, Laura"]
[Result "1-0"]
[ECO "B09"]
[WhiteElo "1654"]
[BlackElo "1512"]
[Annotator "NA"]
[PlyCount "87"]
[EventDate "2018.??.??"]
[EventType "swiss"]
[EventCountry "FRA"]
[SourceTitle "playchess.com"]
[Source "ChessBase"]
[SourceQuality "1"]
[TimeControl "5400+30"]

1. e4 d6 2. d4 Nf6 3. Nc3 g6 4. f4 Bg7 5. Nf3 O-O 6. e5 dxe5 7. fxe5 Nd5 8. Bc4 Nxc3 9. bxc3 c6 10. Bf4 b5 11. Bb3 h6 12. O-O e6 13. Nd2 Nd7 14. Ne4 Qb6 15. Kh1 c5 16. dxc5 Nxc5 17. Be3 Rd8 18. Qf3 Qb7 19. Nxc5 Qxf3 20. Rxf3 a5 21. a4 Bxe5 22. Bxh6 b4 23. Raf1 Ra7 24. cxb4 axb4 25. Nd3 Bc3 26. Bg5 Rd6 27. Bf6 Bxf6 28. Rxf6 Rad7 29. h3 Ba6 30. R1f4 Bxd3 31. cxd3 Rxd3 32. Rxb4 Rg3 33. Rf3 Rxf3 34. gxf3 Rd3 35. Kg2 Kf8 36. a5 Rd8 37. a6 Ra8 38. Bc4 Kg7 39. Rb7 Kf6 40. a7 Ke5 41. Rxf7 Kd6 42. Bd3 Ke5 43. Be4 Rxa7 44. Rxa7 1-0

[Event "FRA-ch Youth U12 2018"]
[Site "Agen"]
[Date "2018.04.18"]
[Round "5"]
[White "Schebacher, Solene"]
[Black "Micheli, Elora"]
[Result "1/2-1/2"]
[ECO "B23"]
[WhiteElo "1396"]
[BlackElo "1438"]
[Annotator "NA"]
[PlyCount "104"]
[EventDate "2018.??.??"]
[EventType "swiss"]
[EventCountry "FRA"]
[SourceTitle "playchess.com"]
[Source "ChessBase"]
[SourceQuality "1"]
[TimeControl "5400+30"]

1. e4 c5 2. Nc3 e6 3. g3 Nc6 4. Bg2 Nf6 5. d3 d6 6. Nge2 e5 7. Bg5 Be7 8. Bxf6 Bxf6 9. Nd5 Be6 10. Nec3 Nd4 11. O-O O-O 12. Nxf6+ Qxf6 13. f4 exf4 14. Rxf4 Qg5 15. Qd2 Bh3 16. Rd1 Bxg2 17. Kxg2 Rfe8 18. Rdf1 Ne6 19. R4f2 Qxd2 20. Rxd2 Nd4 21. Nd5 Rac8 22. Rdf2 f6 23. c3 Ne6 24. Nf4 c4 25. Rd2 cxd3 26. Rxd3 Nc5 27. Rxd6 Nxe4 28. Rd7 Nc5 29. Rdd1 Na4 30. Rd2 Rcd8 31. Rfd1 Rc8 32. Kf2 Nc5 33. Kf1 Kf7 34. Nd3 Ne4 35. Re2 Re7 36. Nf2 Nxf2 37. Kxf2 Rxe2+ 38. Kxe2 Re8+ 39. Kf2 Re7 40. Rd8 b6 41. Rd4 g5 42. h4 h5 43. hxg5 fxg5 44. Kf3 Kg7 45. Kf2 Kf6 46. c4 Rf7 47. Kg2 Kf5 48. b3 Re7 49. Kf2 Rf7 50. Kg2 Re7 51. Kf2 Rf7 52. Kg2 Re7 1/2-1/2

[Event "FRA-ch Youth U12 2018"]
[Site "Agen"]
[Date "2018.04.18"]
[Round "5"]
[White "Costa, My-Lan"]
[Black "Forges-Boulanger, Julie"]
[Result "1/2-1/2"]
[ECO "B13"]
[WhiteElo "1360"]
[BlackElo "1227"]
[Annotator "NA"]
[PlyCount "66"]
[EventDate "2018.??.??"]
[EventType "swiss"]
[EventCountry "FRA"]
[SourceTitle "playchess.com"]
[Source "ChessBase"]
[SourceQuality "1"]
[TimeControl "5400+30"]

1. e4 c6 2. d4 d5 3. exd5 cxd5 4. c4 Nf6 5. Nc3 Bf5 6. Nf3 e6 7. Bf4 Bd6 8. Bxd6 Qxd6 9. Be2 O-O 10. O-O Nc6 11. Rc1 dxc4 12. Bxc4 Bg4 13. Be2 Bxf3 14. Bxf3 Qxd4 15. Bxc6 Qxd1 16. Nxd1 bxc6 17. Rxc6 Rfc8 18. Rxc8+ Rxc8 19. Nc3 Rd8 20. Rd1 Rxd1+ 21. Nxd1 Kf8 22. Kf1 Ke7 23. Ke2 Kd6 24. Ne3 Kc5 25. a3 Nd5 26. Nxd5 exd5 27. Kd3 a5 28. Kc3 f5 29. b4+ axb4+ 30. axb4+ Kb5 31. Kd4 Kxb4 32. Kxd5 Kc3 33. Ke5 g6 1/2-1/2

[Event "FRA-ch Youth U12 2018"]
[Site "Agen"]
[Date "2018.04.18"]
[Round "5"]
[White "Fougerat, Emma"]
[Black "Berezovsky, Fiorina"]
[Result "0-1"]
[ECO "A00"]
[WhiteElo "1271"]
[BlackElo "1678"]
[Annotator "NA"]
[PlyCount "76"]
[EventDate "2018.??.??"]
[EventType "swiss"]
[EventCountry "FRA"]
[SourceTitle "playchess.com"]
[Source "ChessBase"]
[SourceQuality "1"]
[TimeControl "5400+30"]

1. g3 d5 2. Bg2 c5 3. c4 Nf6 4. cxd5 Nxd5 5. Nf3 Nc6 6. d3 g6 7. Nbd2 Bg7 8. Rb1 e6 9. Nc4 b5 10. Ncd2 O-O 11. O-O Qb6 12. a3 Ba6 13. Qc2 Rac8 14. Ne4 Ne5 15. Bf4 Nxf4 16. gxf4 Nxf3+ 17. Bxf3 e5 18. fxe5 Bxe5 19. b3 b4 20. a4 f5 21. Ng3 Bb7 22. Bxb7 Qxb7 23. Rbc1 Bc3 24. Rfd1 Qd7 25. Qb1 f4 26. Ne4 Qg4+ 27. Kh1 Qxe2 28. Rg1 Bd4 29. Qc2 Qf3+ 30. Rg2 Kh8 31. Qd1 Qxd1+ 32. Rxd1 Rcd8 33. Rg5 Rf5 34. Rxf5 gxf5 35. f3 fxe4 36. fxe4 f3 37. Rf1 Rg8 38. e5 f2 0-1

[Event "FRA-ch Youth U12 2018"]
[Site "Agen"]
[Date "2018.04.19"]
[Round "6"]
[White "Razafindratsima, Timothe"]
[Black "Maurizzi, Marc Andria"]
[Result "0-1"]
[ECO "C11"]
[WhiteElo "2146"]
[BlackElo "2119"]
[Annotator "NA"]
[PlyCount "84"]
[EventDate "2018.??.??"]
[EventType "swiss"]
[EventCountry "FRA"]
[SourceTitle "playchess.com"]
[Source "ChessBase"]
[SourceQuality "1"]
[TimeControl "5400+30"]

1. e4 e6 2. d4 d5 3. Nc3 Nf6 4. e5 Nfd7 5. f4 c5 6. Nce2 Nc6 7. Nf3 Be7 8. c3 b6 {[%emt 0:03:33] C11: French: Classical System: 4 e5 and 4 Bg5 dxe4} (8... O-O 9. Be3 Qb6 10. Qd2 f6 11. g3 Kh8 12. Bg2 cxd4 13. cxd4 Bb4 14. Nc3 Qa6 15. Kf2 fxe5 16. fxe5 Ndxe5 17. dxe5 Nxe5 {½-½ (53) Fedoseev,V (2667)-Morozevich,A (2676) Moscow 2016}) 9. Be3 Ba6 10. Ng3 Bxf1 11. Rxf1 g6 $146 12. Kf2 Qc7 13. Kg1 O-O-O 14. a3 c4 15. Nd2 Na5 16. a4 Nb8 17. Bf2 Nbc6 18. Qc2 h5 19. Ne2 Kb8 20. Be3 Ka8 21. Nc1 Rhe8 22. Nf3 Rh8 23. Ng5 Bxg5 24. fxg5 Rhf8 25. Ne2 Ne7 26. h3 Nf5 $15 27. Bf2 Nb3 28. Ra3 Qd7 29. Nc1 Nxc1 30. Rxc1 h4 31. Rca1 a6 32. b3 Rc8 33. Qb2 Ka7 34. Rb1 Qb7 35. bxc4 Rxc4 36. Rb3 Rb8 37. Rb4 Qc6 38. Rc1 a5 39. Rxc4 Qxc4 40. Qa3 Rc8 41. Rc2 Kb7 42. Rc1 Qe2 0-1

[Event "FRA-ch Youth U12 2018"]
[Site "Agen"]
[Date "2018.04.19"]
[Round "6"]
[White "Droin, Augustin"]
[Black "Lamaze, Simon"]
[Result "1-0"]
[ECO "B01"]
[WhiteElo "1975"]
[BlackElo "1850"]
[Annotator "NA"]
[PlyCount "89"]
[EventDate "2018.??.??"]
[EventType "swiss"]
[EventCountry "FRA"]
[SourceTitle "playchess.com"]
[Source "ChessBase"]
[SourceQuality "1"]
[TimeControl "5400+30"]

1. e4 d5 2. exd5 Nf6 3. d4 Bg4 4. Be2 Bxe2 5. Nxe2 Qxd5 6. Nf4 Qf5 7. O-O Nc6 8. c3 O-O-O 9. Qd3 Qxd3 10. Nxd3 e5 11. Nxe5 Nxe5 12. dxe5 Ng4 13. Bf4 Re8 14. Nd2 Nxe5 15. Rfe1 Bd6 16. Bxe5 Bxe5 17. Nc4 Bf6 18. a4 Rxe1+ 19. Rxe1 Rd8 20. f4 c6 21. a5 Rd5 22. Kf2 Kd7 23. Ke3 h5 24. a6 Kc7 25. axb7 Kxb7 26. Kf3 Rd3+ 27. Re3 Rd1 28. Re8 Rf1+ 29. Ke4 Rf2 30. Rf8 Rxg2 31. Rxf7+ Ka6 32. h3 Rh2 33. Ne5 Rxb2 34. Nxc6 Bxc3 35. Rxa7+ Kb6 36. Ra3 Bf6 37. Ne5 Kc7 38. Kf5 Rf2 39. Re3 Kd6 40. Nf7+ Kd7 41. Ng5 Be7 42. Rg3 h4 43. Rg4 Ke8 44. Kg6 Bxg5 45. fxg5 1-0

[Event "FRA-ch Youth U12 2018"]
[Site "Agen"]
[Date "2018.04.19"]
[Round "6"]
[White "Makkar, Rajat"]
[Black "Bat, Bilguun"]
[Result "1-0"]
[ECO "A40"]
[WhiteElo "1813"]
[BlackElo "1951"]
[Annotator "NA"]
[PlyCount "77"]
[EventDate "2018.??.??"]
[EventType "swiss"]
[EventCountry "FRA"]
[SourceTitle "playchess.com"]
[Source "ChessBase"]
[SourceQuality "1"]
[TimeControl "5400+30"]

1. d4 Nf6 2. c4 e6 3. g3 d5 4. Nf3 c6 5. Qc2 Bd6 6. Bg2 b6 7. O-O Nbd7 8. cxd5 cxd5 9. a4 Ba6 10. Na3 O-O 11. Nb5 Bxb5 12. axb5 Qe7 13. b3 Rfc8 14. Qd3 Rc7 15. Bb2 Ne8 16. Ne5 Bxe5 17. dxe5 Nc5 18. Qe3 Qd7 19. b4 Nb7 20. Bd4 Nd8 21. Bxb6 Rb7 22. Bc5 Qxb5 23. Ra5 Qd7 24. Rb1 Nc6 25. Ra2 Nc7 26. f4 a5 27. Rba1 Nxb4 28. Rxa5 Rxa5 29. Rxa5 Nba6 30. Qa3 Qc6 31. h3 Rb5 32. Be3 g6 33. Qd6 Qa8 34. Bb6 Rxa5 35. Bxa5 Nb5 36. Qd7 Na3 37. Bd8 Kg7 38. Qe8 Qa7+ 39. Kh2 {[%emt 0:01:08] Kg8} 1-0

[Event "FRA-ch Youth U12 2018"]
[Site "Agen"]
[Date "2018.04.19"]
[Round "6"]
[White "Strasser, Rouben"]
[Black "Mekhane, Adam"]
[Result "0-1"]
[ECO "C77"]
[WhiteElo "1681"]
[BlackElo "1907"]
[Annotator "NA"]
[PlyCount "52"]
[EventDate "2018.??.??"]
[EventType "swiss"]
[EventCountry "FRA"]
[SourceTitle "playchess.com"]
[Source "ChessBase"]
[SourceQuality "1"]
[TimeControl "5400+30"]

1. e4 e5 2. Nf3 Nc6 3. Bb5 a6 4. Ba4 Nf6 5. d3 d6 6. c3 b5 7. Bc2 Be7 8. O-O O-O 9. a4 Bb7 10. Re1 Re8 11. Nbd2 Bf8 12. Nf1 d5 13. Ng3 g6 14. Bg5 Bg7 15. Qd2 dxe4 16. Nxe4 Nxe4 17. dxe4 Qxd2 18. Bxd2 Rad8 19. axb5 axb5 20. Be3 Rd7 21. Nd2 Nd8 22. Nb3 Ne6 23. Ra7 Bc6 24. Rea1 Red8 25. Na5 Bxe4 26. Nb7 Bxc2 0-1

[Event "FRA-ch Youth U12 2018"]
[Site "Agen"]
[Date "2018.04.19"]
[Round "6"]
[White "Berezovsky, Fiorina"]
[Black "Milojevic-Daim, Lola-Shaina"]
[Result "1/2-1/2"]
[ECO "B32"]
[WhiteElo "1678"]
[BlackElo "1316"]
[Annotator "NA"]
[PlyCount "78"]
[EventDate "2018.??.??"]
[EventType "swiss"]
[EventCountry "FRA"]
[SourceTitle "playchess.com"]
[Source "ChessBase"]
[SourceQuality "1"]
[TimeControl "5400+30"]

1. e4 c5 2. Nf3 Nc6 3. d4 cxd4 4. Nxd4 e5 5. Nb5 a6 6. Nd6+ Bxd6 7. Qxd6 Qf6 8. Qd1 Qg6 9. Nc3 d5 10. f3 dxe4 11. Nxe4 f5 12. Nd6+ Ke7 13. Nxc8+ Rxc8 14. Be3 Nb4 15. c3 f4 16. cxb4 fxe3 17. Rc1 Nh6 18. Rc5 Rxc5 19. bxc5 Rd8 20. Qc1 Qg5 21. Qc3 Qf5 22. Qc1 Ng4 23. Be2 Nf2 24. Rf1 Rd2 25. Rxf2 exf2+ 26. Kxd2 Qf4+ 27. Kc2 Qxh2 28. Qg5+ Ke6 29. Bc4+ Kd7 30. Qxg7+ Kc6 31. b4 Qf4 32. Bd3 Qxb4 33. Qxe5 Qa4+ 34. Kc1 Qa3+ 35. Qb2 Qxd3 36. Qxf2 Qc4+ 37. Kb2 Qb4+ 38. Kc2 Qc4+ 39. Kb2 Qb4+ 1/2-1/2

[Event "FRA-ch Youth U12 2018"]
[Site "Agen"]
[Date "2018.04.19"]
[Round "6"]
[White "Bousmaha, Leila"]
[Black "Natchkebia, Valeria"]
[Result "0-1"]
[ECO "C47"]
[WhiteElo "1538"]
[BlackElo "1300"]
[Annotator "NA"]
[PlyCount "58"]
[EventDate "2018.??.??"]
[EventType "swiss"]
[EventCountry "FRA"]
[SourceTitle "playchess.com"]
[Source "ChessBase"]
[SourceQuality "1"]
[TimeControl "5400+30"]

1. e4 e5 2. Nf3 Nc6 3. Nc3 Nf6 4. d4 exd4 5. Nxd4 Nxe4 6. Nxe4 Qe7 7. f3 d5 8. Nxc6 bxc6 9. Bd3 dxe4 10. fxe4 Qe5 11. O-O Bc5+ 12. Kh1 O-O 13. c3 Bd7 14. Bf4 Qe7 15. Bxc7 Rac8 16. Bf4 Qh4 17. Qd2 Rfe8 18. Bg3 Qg4 19. Qc2 Re6 20. Rf3 Rh6 21. Be2 Re8 22. e5 Ree6 23. Bf4 Reg6 24. Bd3 f5 25. Bxh6 Rxh6 26. Rh3 Rxh3 27. gxh3 Qf3+ 28. Qg2 Qxd3 29. Re1 Be6 0-1

[Event "FRA-ch Youth U12 2018"]
[Site "Agen"]
[Date "2018.04.19"]
[Round "6"]
[White "Pentcheff, Laura"]
[Black "Grondin, Marine"]
[Result "1-0"]
[ECO "E06"]
[WhiteElo "1512"]
[BlackElo "1267"]
[Annotator "NA"]
[PlyCount "99"]
[EventDate "2018.??.??"]
[EventType "swiss"]
[EventCountry "FRA"]
[SourceTitle "playchess.com"]
[Source "ChessBase"]
[SourceQuality "1"]
[TimeControl "5400+30"]

1. d4 Nf6 2. c4 d5 3. Nf3 e6 4. g3 Be7 5. Bg2 c6 6. O-O O-O 7. Nc3 Nbd7 8. Qc2 b6 9. cxd5 cxd5 10. Bf4 Bb7 11. Nb5 Rc8 12. Bc7 Qe8 13. Nxa7 Ra8 14. Nb5 Ba6 15. Nd6 Bxd6 16. Bxd6 Qc8 17. Rac1 Qxc2 18. Rxc2 Rfc8 19. Rfc1 Rxc2 20. Rxc2 Rc8 21. Rxc8+ Bxc8 22. h3 Ba6 23. Kf1 Ne4 24. Bb4 Nb8 25. Ke1 Nc6 26. Ba3 b5 27. Bc5 h6 28. a3 f6 29. Nd2 Nxd2 30. Kxd2 Kf7 31. e4 dxe4 32. Bxe4 Nd8 33. Bd3 Nc6 34. a4 Na5 35. Bxb5 Bxb5 36. axb5 Nb7 37. Ba3 g6 38. Kc3 Ke8 39. Kc4 Kd7 40. d5 exd5+ 41. Kxd5 Nd8 42. g4 Nb7 43. Bf8 h5 44. gxh5 gxh5 45. Bb4 Nd8 46. Bc3 Ke7 47. b6 Nb7 48. Kc6 Nd8+ 49. Kc7 Ne6+ 50. Kc8 1-0

[Event "FRA-ch Youth U12 2018"]
[Site "Agen"]
[Date "2018.04.19"]
[Round "6"]
[White "Schebacher, Solene"]
[Black "Cornileau, Juliette"]
[Result "0-1"]
[ECO "B24"]
[WhiteElo "1396"]
[BlackElo "1654"]
[Annotator "NA"]
[PlyCount "52"]
[EventDate "2018.??.??"]
[EventType "swiss"]
[EventCountry "FRA"]
[SourceTitle "playchess.com"]
[Source "ChessBase"]
[SourceQuality "1"]
[TimeControl "5400+30"]

1. e4 c5 2. Nc3 Nc6 3. g3 g6 4. Bg2 Bg7 5. d3 Rb8 6. Be3 d6 7. Qd2 b5 8. Nge2 b4 9. Nd1 Nd4 10. Nc1 Bg4 11. Bxd4 cxd4 12. Ne2 e5 13. O-O Qd7 14. Re1 Bh3 15. Bh1 Nf6 16. c3 bxc3 17. bxc3 Nh5 18. cxd4 exd4 19. Nb2 O-O 20. Nc4 f5 21. exf5 Qxf5 22. Nc1 d5 23. Nb2 Bh6 24. Qc2 Rbc8 25. Qe2 Rce8 26. Qxe8 Qxf2# 0-1

[Event "FRA-ch Youth U12 2018"]
[Site "Agen"]
[Date "2018.04.20"]
[Round "7"]
[White "Maurizzi, Marc Andria"]
[Black "Makkar, Rajat"]
[Result "1-0"]
[ECO "C42"]
[WhiteElo "2119"]
[BlackElo "1813"]
[Annotator "NA"]
[PlyCount "111"]
[EventDate "2018.??.??"]
[EventType "swiss"]
[EventCountry "FRA"]
[SourceTitle "playchess.com"]
[Source "ChessBase"]
[SourceQuality "1"]
[TimeControl "5400+30"]

1. e4 e5 2. Nf3 Nf6 3. Nxe5 d6 4. Nf3 Nxe4 5. d3 Nf6 6. d4 Be7 7. Bd3 O-O {[%emt 0:00:55] C42: Petroff Defence: 3 Nxe5 and unusual White 3rd moves} 8. h3 c5 9. O-O Nc6 10. Nbd2 $146 ({Predecessor:} 10. Nc3 h6 11. Bf4 Nb4 12. Re1 Re8 13. Bf1 Bf5 14. Rc1 Bf8 15. Rxe8 Qxe8 {½-½ (75) Kasimdzhanov,R (2683)-Yu,Y (2751) Riadh 2017}) 10... Nb4 11. Ne4 Nxe4 12. Bxe4 d5 13. Bd3 c4 14. Be2 Bf5 15. Ne1 b5 16. c3 Nc6 17. Nc2 Bg5 18. a4 Bxc1 19. Qxc1 Na5 20. Nb4 Nb3 21. Qf4 $11 a5 22. Nc6 Qf6 23. axb5 Nxa1 24. Rxa1 Rfe8 25. Bf3 g5 26. Qc7 Be4 27. Bxe4 dxe4 28. d5 Rac8 29. Qd7 Rcd8 30. Nxd8 Rxd8 31. Qc6 Qe5 32. Qxc4 Rxd5 33. b6 Rc5 34. Qa6 Rb5 35. Qc8+ Kg7 36. Qc7 Qf4 37. g3 Qf3 38. Qd8 Qf6 39. Qd2 Qxb6 40. Re1 h6 41. Re2 a4 42. Kh2 Rf5 43. Kg2 Rb5 44. c4 Rb3 45. Qd5 Qf6 46. Qd2 Qf3+ 47. Kh2 Rd3 48. Qe1 Rb3 49. c5 Qf6 50. Qc1 Rf3 51. Kg2 Qc6 52. Re3 Rf5 53. Qc3+ Kh7 54. Qc4 Qxc5 55. Qxa4 Qc2 56. Qxc2 1-0

[Event "FRA-ch Youth U12 2018"]
[Site "Agen"]
[Date "2018.04.20"]
[Round "7"]
[White "Mekhane, Adam"]
[Black "Droin, Augustin"]
[Result "1-0"]
[ECO "B90"]
[WhiteElo "1907"]
[BlackElo "1975"]
[Annotator "NA"]
[PlyCount "91"]
[EventDate "2018.??.??"]
[EventType "swiss"]
[EventCountry "FRA"]
[SourceTitle "playchess.com"]
[Source "ChessBase"]
[SourceQuality "1"]
[TimeControl "5400+30"]

1. e4 c5 2. Nf3 d6 3. d4 cxd4 4. Nxd4 Nf6 5. Nc3 a6 6. Bc4 Qc7 7. Bb3 {[%emt 0:00:31] B90: Sicilian Najdorf: Unusual White 6th moves, 6 Be3 Ng4 and 6 Be3 e5} (7. Qe2 e5 8. Nf5 Be6 9. Bb3 Nbd7 10. Bg5 Rc8 11. O-O-O g6 12. Ne3 Be7 13. Kb1 O-O 14. h4 Qd8 {1-0 (27) Mousavi,S (2456)-Kantans,T (2524) Teheran 2017}) 7... b5 8. O-O e6 9. Qe2 Nc6 $146 ({Find the theoretical novelty and annotate with similar games:} 9... Be7 10. Kh1 O-O 11. a4 b4 12. Nd1 Nc6 13. c3 bxc3 14. Nxc6 Qxc6 15. Nxc3 Rb8 16. Bc2 {1-0 (30) Saldana Caballe,J (2195)-Albert Magro,C (2170) Tarragona 2002}) 10. Nxc6 Qxc6 11. Nd5 Be7 12. Nxe7 Kxe7 13. Bg5 Qc5 {[%emt 0:04:14] [#]} 14. Be3 $1 Qh5 15. f3 Nxe4 $2 (15... Bb7 $16) 16. g4 Qh3 17. fxe4 h5 18. e5 dxe5 19. Bc5+ Ke8 20. Qxe5 Qxg4+ 21. Qg3 Qxg3+ 22. hxg3 h4 23. gxh4 Rxh4 24. Rad1 a5 25. c3 a4 26. Bc2 Bb7 27. Rd2 Bd5 28. Bd3 Rg4+ 29. Kf2 Rg2+ 30. Ke3 Rg3+ 31. Kf4 Rxd3 32. Rxd3 Bc4 33. Rfd1 Bxd3 34. Rxd3 Rc8 35. Bb4 Rc6 36. Rg3 g6 37. Ke5 Rc4 38. Rh3 $18 Kd7 39. Rh7 Kc6 40. Rxf7 Rg4 41. Rf6 Rg2 42. Rxe6+ Kb7 43. Kd6 Rxb2 44. Re7+ Kb8 45. Kc6 Rd2 46. Re8+ 1-0

[Event "FRA-ch Youth U12 2018"]
[Site "Agen"]
[Date "2018.04.20"]
[Round "7"]
[White "Zachary, Bastian"]
[Black "Trabet, Mathis"]
[Result "0-1"]
[ECO "A57"]
[WhiteElo "1884"]
[BlackElo "1909"]
[Annotator "NA"]
[PlyCount "71"]
[EventDate "2018.??.??"]
[EventType "swiss"]
[EventCountry "FRA"]
[SourceTitle "playchess.com"]
[Source "ChessBase"]
[SourceQuality "1"]
[TimeControl "5400+30"]

1. d4 Nf6 2. c4 c5 3. d5 b5 4. cxb5 a6 5. e3 d6 6. Nc3 g6 7. Nf3 Bg7 8. Be2 O-O {[%emt 0:01:24] LiveBook: 12 Games} 9. O-O axb5 10. Bxb5 Ba6 11. Bxa6 Nxa6 12. a3 {[%emt 0:02:13] A58: Benko/Volga Gambit: Lines with 5 bxa6} (12. Nd2 Nd7 13. Nc4 Nb6 14. Qb3 Nb4 15. e4 Nxc4 16. Qxc4 Qa5 17. Bg5 Rfe8 18. Rfc1 Qa6 19. Qxa6 Rxa6 {½-½ (57) Vakhidov,J (2471)-Kovalev,V (2554) Dubai 2014}) 12... Qd7 $146 ({Find the theoretical novelty and annotate with similar games:} 12... Qb6 13. Rb1 Nd7 14. Bd2 Rfb8 15. b4 cxb4 16. axb4 Nc7 17. e4 Nb5 18. Nxb5 Qxb5 19. Be3 Qc4 {0-1 (41) Sienkiewicz,W (1220)-Pietraszko,J (1605) Wroclaw 2012}) 13. h3 Rfb8 14. e4 Nc7 15. Qc2 Nb5 16. Bd2 Qc7 17. Nxb5 Rxb5 18. Bc3 Qb7 19. Rfe1 ({White should try} 19. a4 $16 Rb6 20. a5) 19... Nd7 20. Ra2 Bxc3 21. Qxc3 Nb6 $16 (21... Rb3 $11 {remains equal.} 22. Qc2 Rb8) 22. b3 Rb8 23. Nd2 Nd7 24. f4 Ra8 25. Raa1 Rba5 26. a4 R5a6 27. Rab1 Rb6 28. Qd3 Rb4 29. Qc3 Rb8 30. g3 Nb6 31. Qc2 Qa7 32. Kh1 Qa6 33. Kg1 c4 34. Nxc4 Nxc4 35. bxc4 Qb6+ 36. c5 0-1

[Event "FRA-ch Youth U12 2018"]
[Site "Agen"]
[Date "2018.04.20"]
[Round "7"]
[White "Lamaze, Simon"]
[Black "Beurois, Alexandre"]
[Result "0-1"]
[ECO "A06"]
[WhiteElo "1850"]
[BlackElo "1604"]
[Annotator "NA"]
[PlyCount "94"]
[EventDate "2018.??.??"]
[EventType "swiss"]
[EventCountry "FRA"]
[SourceTitle "playchess.com"]
[Source "ChessBase"]
[SourceQuality "1"]
[TimeControl "5400+30"]

1. Nf3 d5 2. d4 e6 3. g3 c6 4. Bg2 f5 5. O-O Nf6 6. b3 Bd6 7. Ba3 Bxa3 8. Nxa3 O-O 9. c4 Nbd7 10. Nb1 {[%emt 0:07:37] A94: Classical Dutch: Classical Stonewall: 7 b3 c6 8 Ba3} (10. Nc2 b6 11. Nb4 Bb7 12. Nd3 Rc8 13. Rc1 Qe7 14. e3 c5 15. Nf4 dxc4 16. bxc4 Rfd8 17. Qb3 e5 18. Nd5 Nxd5 19. cxd5 c4 20. Qa4 e4 21. Nd2 a6 {0-1 (43) Alekseev,E (2636)-Rusanov,M (2440) St Petersburg 2016}) 10... Ne4 11. Qc2 Ndf6 12. Nc3 Nxc3 $146 ({Find the theoretical novelty and annotate with similar games:} 12... Bd7 13. Rad1 Be8 14. Ne5 Nxc3 15. Qxc3 Bh5 16. f3 Nd7 17. Nxd7 Qxd7 18. Rd2 Rad8 {0-1 (44) Andersen,D (1944)-Peschardt,S (2133) Copenhagen 2007}) 13. Qxc3 Ne4 14. Qd3 Bd7 15. Ne5 Be8 16. f3 Nd6 17. e4 Nf7 18. exd5 exd5 19. f4 Qb6 20. c5 Qc7 $16 21. b4 a5 22. a3 b6 23. Qxf5 bxc5 24. bxc5 Nxe5 25. Qxe5 Qd7 26. f5 Rf6 27. Rab1 Bh5 28. Rb8+ Rxb8 29. Qxb8+ Rf8 30. Qe5 Rf6 31. Bh3 Qe8 32. g4 h6 33. gxh5 Qxh5 34. Bg2 Qg4 35. h3 Qg5 36. Qf4 Qh5 37. Qg4 Qe8 38. Qf3 Qb8 39. Qd3 Qc8 40. Kh1 Rf7 41. f6 Kh8 42. Qg6 Kg8 43. fxg7 Rxg7 44. Qxh6 Qb8 45. Rg1 Qd8 46. Bxd5+ Qxd5+ 47. Rg2 Qxg2# 0-1

[Event "FRA-ch Youth U12 2018"]
[Site "Agen"]
[Date "2018.04.20"]
[Round "7"]
[White "Cornileau, Juliette"]
[Black "Diez, Agathe"]
[Result "1-0"]
[ECO "C47"]
[WhiteElo "1654"]
[BlackElo "1373"]
[Annotator "NA"]
[PlyCount "91"]
[EventDate "2018.??.??"]
[EventType "swiss"]
[EventCountry "FRA"]
[SourceTitle "playchess.com"]
[Source "ChessBase"]
[SourceQuality "1"]
[TimeControl "5400+30"]

1. e4 e5 2. Nf3 Nc6 3. Nc3 Nf6 4. d4 exd4 5. Nxd4 Bb4 6. Nxc6 bxc6 7. Bd3 d5 8. exd5 cxd5 9. O-O O-O 10. Bg5 c6 11. Qf3 Be7 12. Rfe1 h6 13. Bf4 Bd6 14. h3 Rb8 15. b3 Be6 16. Ne2 c5 17. Bxd6 Qxd6 18. Rad1 Rfe8 19. Nf4 Qb6 20. Qg3 Rbd8 21. Nxe6 Rxe6 22. Rxe6 Qxe6 23. c4 dxc4 24. Bh7+ Kxh7 25. Rxd8 cxb3 26. axb3 Qe1+ 27. Kh2 Ne4 28. Qd3 f5 29. Qf3 Qxf2 30. Qxf2 Nxf2 31. Rd5 Ne4 32. Rxf5 a5 33. Re5 Nd2 34. Rxc5 Nxb3 35. Rb5 a4 36. Rb4 Nc5 37. Rc4 Ne6 38. Rxa4 Ng5 39. Kg3 Kg6 40. Kf4 Kh5 41. Kf5 g6+ 42. Kf6 Nh7+ 43. Kg7 Ng5 44. Ra6 Kh4 45. Kxh6 Kg3 46. Kxg5 1-0

[Event "FRA-ch Youth U12 2018"]
[Site "Agen"]
[Date "2018.04.20"]
[Round "7"]
[White "Costa, My-Lan"]
[Black "Natchkebia, Valeria"]
[Result "1-0"]
[ECO "C46"]
[WhiteElo "1360"]
[BlackElo "1300"]
[Annotator "NA"]
[PlyCount "66"]
[EventDate "2018.??.??"]
[EventType "swiss"]
[EventCountry "FRA"]
[SourceTitle "playchess.com"]
[Source "ChessBase"]
[SourceQuality "1"]
[TimeControl "5400+30"]

1. e4 e5 2. Nf3 Nc6 3. Nc3 Be7 4. Be2 Nf6 5. d4 d6 6. dxe5 dxe5 7. O-O O-O 8. Bg5 h6 9. Bh4 Be6 10. Bg3 Qd6 11. Bb5 Rad8 12. Bxc6 Qxc6 13. Nxe5 Rxd1 14. Nxc6 Rxf1+ 15. Rxf1 bxc6 16. Bxc7 Bb4 17. e5 Bxc3 18. exf6 Bxf6 19. b3 Re8 20. h3 Bf5 21. Bg3 Bxc2 22. Rc1 Be4 23. Re1 Re6 24. Bb8 Bd5 25. Rb1 a6 26. Bf4 Re2 27. a4 Be5 28. Bxe5 Rxe5 29. b4 Bc4 30. Rc1 Bb3 31. Rxc6 a5 32. bxa5 Rb5 33. a6 Ra5 1-0

[Event "FRA-ch Youth U12 2018"]
[Site "Agen"]
[Date "2018.04.20"]
[Round "7"]
[White "Courjal, Juliette"]
[Black "Pentcheff, Laura"]
[Result "0-1"]
[ECO "B09"]
[WhiteElo "1221"]
[BlackElo "1512"]
[Annotator "NA"]
[PlyCount "100"]
[EventDate "2018.??.??"]
[EventType "swiss"]
[EventCountry "FRA"]
[SourceTitle "playchess.com"]
[Source "ChessBase"]
[SourceQuality "1"]
[TimeControl "5400+30"]

1. e4 d6 2. d4 Nf6 3. Nc3 g6 4. f4 Bg7 5. e5 dxe5 6. fxe5 Nd5 7. Bc4 c6 8. Nf3 O-O 9. O-O a6 10. Bg5 b5 11. Bb3 b4 12. Nxd5 cxd5 13. Qd2 a5 14. a3 a4 15. Ba2 bxa3 16. bxa3 Nc6 17. c3 Be6 18. Bh6 Qb6 19. Rab1 Qa7 20. h4 Rfc8 21. h5 Nxe5 22. Kh1 Ng4 23. Bxg7 Kxg7 24. Qf4 Qc7 25. Qxc7 Rxc7 26. hxg6 hxg6 27. Rbc1 Rac8 28. c4 dxc4 29. Ng5 Bd5 30. Rce1 Rb8 31. Rf4 Nf6 32. Rf2 Ng4 33. Rf4 Rb2 34. Rxg4 Rxa2 35. Re5 Be6 36. Nxe6+ fxe6 37. Rxe6 Ra1+ 38. Kh2 c3 39. Rexg6+ Kf7 40. Rg7+ Ke8 41. Rg8+ Kd7 42. R4g5 c2 43. Rd5+ Kc6 44. Rc5+ Kb7 45. Rb5+ Ka6 46. Rc5 Rxc5 47. dxc5 c1=Q 48. Ra8+ Kb7 49. Rxa4 Qh6+ 50. Rh4 Qxh4# 0-1